 Dungeon Crawl Stone Soup version 0.29-a0-334-gb41bcbb86e (webtiles) character file.

Game seed: 15876222456417674291

4621 spaghetti the Transmogrifier (level 10, 25/91 HPs)
             Began as a Deep Dwarf Transmuter on Apr 15, 2022.
             Was an Initiate of Ashenzari.
             Quit the game on level 8 of the Dungeon.
             The game lasted 00:29:51 (10042 turns).

spaghetti the Transmogrifier (DDTm)                Turns: 10042, Time: 00:29:51

Health: 25/91      AC:  9    Str: 15    XL:     10   Next: 19%
Magic:  13/17 (8)  EV: 10    Int: 23    God:    Ashenzari [......]
Gold:   129        SH:  0    Dex: 13    Spells: 2/14 levels left

rFire   x . .      SeeInvis .     - Unarmed
rCold   + + +      Faith    .   (shield currently unavailable)
rNeg    . . .      Spirit   .   (body armour currently unavailable)
rPois   +          Reflect  .   (helmet currently unavailable)
rElec   .          Harm     .   (cloak currently unavailable)
rCorr   .          Rampage  .   (gloves currently unavailable)
Will    +....      Clarity  +   (boots currently unavailable)
Stlth   +.........              (no amulet)
HPRegen 0.00/turn               A - +6 ring of intelligence
MPRegen 0.15/turn               J - ring of magical power

@: ice-form, wereblooded
A: freezing attack, amphibious, boosted hp, damage resistance, heal wounds,
large, sense surroundings 2, no regeneration, clarity, (fire resistance 1),
MP-powered wands, (sturdy frame 1)
a: Heal Wounds, End Transformation, Renounce Religion, Curse Item, Shatter the
Chains


You were on level 8 of the Dungeon.
You worshipped Ashenzari.
Ashenzari was noncommittal.
You were a creature of crystalline ice.
You visited 1 branch of the dungeon, and saw 9 of its levels.
You also visited: Ossuary.

You collected 437 gold pieces.
You spent 308 gold pieces at shops.


Innate Abilities, Weirdness & Mutations

You are a creature of crystalline ice.
You have a powerful freezing melee attack.
You are amphibious.
Your maximum health is increased.
Your armour is entirely melded.
You are incapable of wielding weapons or throwing items.
You are resistant to damage.
You can heal yourself by infusing magical energy.
You passively map the area around you.
You do not regenerate.
You possess an exceptional clarity of mind.
((Your flesh is heat resistant. (rF+)))
You expend magic power (3 MP) to strengthen your wands.
((Your movements are slightly less encumbered by armour. (ER -2)))


   Skills:
 - Level 0.8 Fighting
 - Level 2.1 Dodging
 - Level 2.6 Unarmed Combat
 - Level 2.6 Spellcasting
 * Level 11.3 Transmutations
 - Level 4.0 Ice Magic
 - Level 5.7 Poison Magic


You had 2 spell levels left.
You knew the following spells:

 Your Spells              Type           Power      Damage    Failure   Level
a - Beastly Appendage     Tmut           100%       N/A       1%          1
b - Wereblood             Tmut           53%        N/A       1%          2
c - Spider Form           Tmut/Pois      42%        N/A       1%          3
d - Blink                 Tloc           4%         N/A       19%         2
e - Ice Form              Ice/Tmut       38%        N/A       5%          4

Your spell library contained the following spells:

 Spells                   Type           Power      Damage    Failure   Level
 Foxfire                  Conj/Fire      8%         2x1d4     12%         1
 Static Discharge         Conj/Air       2%         N/A       19%         2
 Yara's Violent Unravell  Hex/Tmut       14%        3d7       32%         5
 Conjure Flame            Conj/Fire      2%         6-21      36%         3
 Inner Flame              Hex/Fire       2%         N/A       36%         3
 Lesser Beckoning         Tloc           2%         N/A       36%         3
 Cause Fear               Hex            1%         N/A       77%         4
 Dispel Undead            Necr           2%         3d7       77%         4
 Flame Wave               Conj/Fire      2%         2d4       77%         4
 Sticky Flame             Conj/Fire      2%         2d3       77%         4
 Metabolic Englaciation   Hex/Ice        6%         N/A       83%         5
 Manifold Assault         Tloc           2%         N/A       98%         5

Inventory:

Hand Weapons
 b - a +3 quarterstaff of chaos {staff}
   (You took it off Crazy Yiuf on level 4 of the Dungeon)
 d - a +0 club {mace}
   (You took it off a goblin on level 1 of the Dungeon)
 e - a +0 hunting sling {sling}
   (You found it on level 1 of the Dungeon)
 g - a +0 club {mace}
   (You took it off a goblin on level 1 of the Dungeon)
 h - a +0 club {mace}
   (You took it off a goblin on level 1 of the Dungeon)
 j - a +0 dagger {short}
   (You took it off a kobold on level 1 of the Dungeon)
 k - a +0 dagger {short}
   (You took it off a goblin on level 1 of the Dungeon)
 l - a +0 dagger {short}
   (You found it on level 1 of the Dungeon)
 r - the cursed +0 short sword "Negation of Ashenzari" (melded) {short, Alch, Self}
   (You took it off a kobold on level 1 of the Dungeon)

   It has a curse which improves the following skills: Alchemy: Poison Magic and
   Transmutations.
   Introspection: Fighting and Spellcasting.
Missiles
 c - 345 stones {throwing}
 u - 44 poisoned darts {throwing}
 z - 8 javelins {throwing}
 G - 3 boomerangs {throwing}
Armour
 p - +0 storm dragon scales (melded) {rare}
   (You found it on level 7 of the Dungeon)
 q - a +1 cloak of preservation (melded)
   (You took it off Crazy Yiuf on level 4 of the Dungeon)
 v - a +0 pair of gloves (melded)
   (You found it on level 4 of the Dungeon)
Magical Staves
 s - a staff of cold {!astaff}
   (You found it on level 6 of the Dungeon)
Jewellery
 A - a +6 ring of intelligence (left front paw)
   (You found it on level 4 of the Dungeon)
 H - an amulet of faith {!P}
   (You found it on level 7 of the Dungeon)
 J - a ring of magical power (right front paw)
   (You bought it in a shop on level 6 of the Dungeon)
Wands
 i - a wand of polymorph (10)
   (You found it on level 5 of the Dungeon)
 t - a wand of digging (2)
   (You found it on level 4 of the Dungeon)
 y - a wand of flame (12)
   (You found it on level 4 of the Dungeon)
 B - a wand of acid (6)
   (You took it off a kobold on level 6 of the Dungeon)
Scrolls
 f - a scroll of silence {!r}
 m - 5 scrolls of identify {@r1}
 n - a scroll of immolation {!r!r}
 o - 4 scrolls of enchant weapon
 w - 3 scrolls of fog
 x - 5 scrolls of teleportation {@r4}
 D - a scroll of fear
 K - a scroll of blinking {!r}
 M - a scroll of torment {!r}
Potions
 a - a potion of degeneration {!q@e2}
 C - a potion of attraction {!q}
 E - a potion of curing {@q1}
 F - 3 potions of magic
 I - 3 potions of flight
 L - a potion of mutation {!q}
 N - 2 potions of brilliance {unknown}

Dungeon Overview and Level Annotations

Branches:
Dungeon (9/15)             Temple (0/1) D:4         Ossuary (visited)
   Lair: D:8-11         Orc: D:9-12

Altars:
Ashenzari
Cheibriados
Dithmenos
Makhleb
Okawaru
Xom
Yredelemnul

Shops:
D:6 ?[** ≈.#.#....# * , * ≈.#.# ### ≈.#.# , ..# * ≈.#.#, , oo,*###.#, ≈.#.# ,ooo#

...#.# ..#.# ,
,.ooo.#..#.# ###.# ,
#....#.#
###.############)#.#
................Y#.#
.##.#.##.#..###..#.#
.##.#.#..#..###..#.#
.##.#.#..#.........#
.##.#.#.##.####..###
...................#
###...#....####..#.#
.....)...#.####..#.#
#..)))...#.......#.###


There were no monsters in sight!


Message History

You regained 2 hp, and now have 78/91 hp.
You hit the orc. You freeze the orc.
The orc hits you with a +0 mace. 😕 HP[-1]
You take 1 damage, and now have 77/91 hp.
You barely miss the orc.
You howl as the wereblood boils in your veins!
You hear a shout!
The orc hits you but does no damage.
You punch the orc! You freeze the orc.
You feel a bit better.
You kill the orc! 😕 HP[+3]
You regained 3 hp, and now have 80/91 hp.
You hit the orc. You freeze the orc. You punch the orc! You freeze the orc.
You feel a bit better.
You kill the orc! 😕 HP[+3]
You regained 3 hp, and now have 83/91 hp.
You barely miss the orc. 😕 MP[+1]
You hit the orc. You freeze the orc. The orc barely misses you.
You punch the orc! You freeze the orc.
You feel a bit better.
You kill the orc!
An orc comes into view. It is wielding a +0 flail. 😕 HP[+1]
You barely miss the orc.
You howl as the wereblood boils in your veins!
The orc hits you but does no damage.
You hit the orc. You freeze the orc.
Unknown command.
You hit the orc warrior but do no damage.
You hear a shout!
An orc comes into view. It is wielding a +1 vorpal mace.
You hit the orc warrior. You freeze the orc warrior.
You completely miss the orc warrior.
The orc warrior hits you with a +0 glaive!
An orc comes into view. It is wielding a +0 club.
The orc hits you with a +0 flail.
An orc comes into view.
It is wielding a +0 flail. 😕 HP[-11] MP[+1]
You take 11 damage, and now have 73/91 hp.
You barely miss the orc.
The orc warrior hits you with a +0 glaive!
The orc barely misses you. 😮 HP[-13]
You take 13 damage, and now have 60/91 hp.
You hit the orc. You freeze the orc.
You feel a bit better.
You kill the orc!
The orc warrior hits you with a +0 glaive! 😮 HP[-6]
You take 6 damage, and now have 54/91 hp.
You punch the orc! You freeze the orc.
You feel a bit better.
You kill the orc!
The orc warrior hits you with a +0 glaive! 😮 HP[-5]
You take 5 damage, and now have 49/91 hp.
You hit the orc warrior. You freeze the orc warrior.
The orc warrior hits you with a +0 glaive.
The orc hits you with a +0 whip. 😮 HP[-2]
You take 2 damage, and now have 47/91 hp.
You punch the orc! You freeze the orc.
You feel a bit better.
You kill the orc!
The orc warrior barely misses you. 😮 HP[+3]
You regained 3 hp, and now have 50/91 hp.
You completely miss the orc. The orc warrior misses you.
The orc hits you but does no damage.
You barely miss the orc.
You howl as the wereblood boils in your veins!
The orc warrior hits you with a +0 glaive.
The orc closely misses you. 😮 HP[-3] MP[+1]
You take 3 damage, and now have 47/91 hp.
You punch the orc warrior! You freeze the orc warrior.
The orc warrior barely misses you. The orc closely misses you.
You hit the orc. You freeze the orc.
You feel a bit better.
You kill the orc!
You howl as the wereblood boils in your veins!
The orc warrior barely misses you. 😮 HP[+3]
You regained 3 hp, and now have 50/91 hp.
You punch the orc! You freeze the orc.
You feel a bit better.
You kill the orc!
The orc warrior hits you with a +0 glaive!!
* * * LOW HITPOINT WARNING * * *
😨 HP[-15]
You take 15 damage, and now have 35/91 hp.
You barely miss the orc warrior.
The orc warrior hits you with a +0 glaive!
* * * LOW HITPOINT WARNING * * *
😨 HP[-12]
You take 12 damage, and now have 23/91 hp.
You pummel the orc warrior!! You freeze the orc warrior.
You feel a bit better.
You kill the orc warrior! 😨 HP[+2]
You regained 2 hp, and now have 25/91 hp.
You now have 129 gold pieces (gained 12).
Items here: ))))))))) [[[[[ ††††††. 😨 MP[+1] Are you sure you want to abandon this character and quit the game? (Confirm with "yes".)

Skill      XL: |  1  2  3  4  5  6  7  8  9 10 |
---------------+-------------------------------+-----
Transmutations | 2 3 4 5 7 9 10 11 | 11.3
Poison Magic   | 1 2 3 4 5 |  5.7
Spellcasting   | 2 |  2.6
Ice Magic      | 3 4 |  4.0
Fighting       | |  0.8
Dodging        | |  2.1
Unarmed Combat | |  2.6

Action                   |  1- 3 |  4- 6 |  7- 9 | 10-12 || total
-------------------------+-------+-------+-------+-------++-------
Melee: Unarmed           |    55 |    86 |   298 |   110 ||   549
       Headbutt          |    13 |    16 |    16 |       ||    45
       Kick              |    28 |    12 |    13 |       ||    53
       Punch             |     2 |     1 |     1 |       ||     4
       Short sword       |    51 |    82 |    51 |       ||   184
 Cast: Beastly Appendage |    29 |    10 |     6 |       ||    45
       Wereblood         |    21 |    20 |    31 |     6 ||    78
       Spider Form       |       |    12 |    27 |     4 ||    43
       Ice Form          |       |       |       |     3 ||     3
Invok: Curse Item        |     1 |     1 |       |       ||     2
       Shatter the Chain |       |       |     1 |       ||     1
 Abil: Heal Wounds       |       |       |    17 |     1 ||    18
Evoke: Wand              |       |       |     6 |       ||     6
  Use: Potion            |     1 |    10 |     9 |       ||    20
       Scroll            |       |     8 |     2 |       ||    10
 Stab: Distracted        |     1 |       |       |       ||     1
Armor: Robe              |    14 |    12 |    10 |       ||    36
       Skin              |       |    71 |    13 |    11 ||    95
       Storm dragon scal |       |       |     3 |     1 ||     4
Dodge: Dodged            |    70 |   135 |   243 |    70 ||   518

Levels and vault maps discovered:
D:1:      amcnicky_arrival_single_pillar, layout_basic,
          hangedman_feature_mirror, minmay_rat_gold_closets
D:2:      layout_basic, shapermc_ecumenical_altar_mp_urbaneastern
D:3:      layout_basic, chequers_serial_rivers_large_b, st_stairs_4,
          minmay_pentangle
D:4:      layout_loops_ring, minmay_temple_entry_poolview,
          uniq_crazy_yiuf_cottage
D:5:      layout_layer_cave, lemuel_coloured_pillars_altar, bh_walls_and_bars
D:6:      layout_loops_ring, nicolae_ossuary_entry_plus, serial_shops, shop,
          nicolae_shop_window_shopping, nicolae_take_the_stairs, minivault_24,
          nicolae_alphabet_shops
D:7:      layout_cave_pods, minitemple, uniq_maggie
D:8:      layout_basic, special_room [special_room_orc], enter_bailey_3
D:9:      layout_irregular_city, minmay_unpleasant_kobolds

Notes
Turn   | Place    | Note
-------+----------+-------------------------------------------
     0 | D:1      | spaghetti the Deep Dwarf Transmuter began the quest for the
                  | Orb.
     0 | D:1      | Reached XP level 1. HP: 16/16 MP: 3/3
     0 | D:1      | magus.rc [v1.9.6]
   103 | D:1      | Reached skill level 2 in Transmutations
   148 | D:1      | HP: 4/16 [frozen (4)]
   180 | D:1      | Reached XP level 2. HP: 24/24 MP: 2/4
   183 | D:1      | Learned a level 2 spell: Wereblood
   529 | D:1      | Reached skill level 3 in Transmutations
   598 | D:1      | Reached XP level 3. HP: 30/30 MP: 3/5
  1215 | D:2      | You pick up a book of Touch and begin reading...
  1215 | D:2      | You add the spells Static Discharge, Sticky Flame and
                  | Dispel Undead to your library.
  1934 | D:2      | Found a faded altar of an unknown god.
  1941 | D:2      | Prayed at the altar of an unknown god.
  1941 | D:2      | Became a worshipper of Ashenzari the Shackled
  2006 | D:3      | Learned a level 3 spell: Spider Form
  2096 | D:3      | Reached XP level 4. HP: 31/38 MP: 3/7
  2225 | D:3      | Reached skill level 4 in Transmutations
  2227 | D:3      | Identified the cursed +0 short sword "Negation of
                  | Ashenzari" {short, Alch, Self} (You took it off a kobold on
                  | level 1 of the Dungeon)
  2322 | D:3      | You pick up a book of Spatial Translocations and begin
                  | reading...
  2322 | D:3      | You add the spells Blink, Lesser Beckoning and Manifold
                  | Assault to your library.
  2770 | D:3      | You pick up a book of Flames and begin reading...
  2770 | D:3      | You add the spells Foxfire, Conjure Flame, Inner Flame and
                  | Flame Wave to your library.
  2783 | D:3      | Noticed a centaur
  2826 | D:3      | Killed a centaur
  2827 | D:3      | Reached skill level 1 in Poison Magic
  2827 | D:3      | Reached XP level 5. HP: 20/44 MP: 2/8
  2879 | D:3      | Gained mutation: You are somewhat resistant to further
                  | mutation. [potion of mutation]
  3013 | D:4      | HP: 9/44 [iguana (12)]
  3024 | D:4      | Reached skill level 2 in Poison Magic
  3416 | D:4      | Found a runed translucent door.
  3417 | D:4      | Noticed Crazy Yiuf
  3596 | D:4      | Reached XP level 6. HP: 24/51 MP: 5/9
  3605 | D:4      | Reached skill level 5 in Transmutations
  3828 | D:4      | Found a staircase to the Ecumenical Temple.
  4007 | D:4      | HP: 9/50 [Crazy Yiuf/+2 quarterstaff of chaos (5)]
  4012 | D:4      | Killed Crazy Yiuf
  4248 | D:5      | Entered Level 5 of the Dungeon
  4364 | D:5      | Reached skill level 3 in Poison Magic
  4556 | D:5      | Reached * piety under Ashenzari
  4642 | D:5      | Identified the cursed +0 robe "I Knew You'd Do That" {Fort,
                  | Melee}
  4946 | D:5      | Noticed an ice beast
  4961 | D:5      | Killed an ice beast
  4962 | D:5      | Reached XP level 7. HP: 23/56 MP: 4/9
  5745 | D:5      | Found a shadowy altar of Dithmenos.
  5810 | D:6      | Found Tivvaxag's Antique Armour Emporium.
  5848 | D:6      | HP: 12/56 [kobold brigand/+0 whip (3)]
  5865 | D:6      | Reached skill level 6 in Transmutations
  5865 | D:6      | Reached skill level 4 in Poison Magic
  5945 | D:6      | Found Mynax's Merry Market.
  5953 | D:6      | Bought a potion of mutation for 88 gold pieces
  5953 | D:6      | Lost mutation: You are somewhat resistant to further
                  | mutation. [potion of mutation]
  5953 | D:6      | Gained mutation: Armour fits poorly on your strangely
                  | shaped body. [potion of mutation]
  5953 | D:6      | Gained mutation: You have a pair of small horns on your
                  | head. [potion of mutation]
  5953 | D:6      | Gained mutation: You passively map the area around you.
                  | [potion of mutation]
  6188 | D:6      | Found a sand-covered staircase.
  6272 | Ossuary  | Entered an ossuary
  6541 | Ossuary  | Reached skill level 7 in Transmutations
  6541 | Ossuary  | Reached XP level 8. HP: 24/63 MP: 5/10
  6613 | Ossuary  | HP: 14/63 [mummy (11)]
  6621 | Ossuary  | HP: 5/63 [mummy (5)]
  6749 | D:6      | Bought a ring of magical power for 220 gold pieces
  6805 | D:6      | Learned a level 2 spell: Blink
  6834 | D:6      | Found Jyfo's Assorted Antiques.
  6969 | D:6      | Reached skill level 2 in Spellcasting
  7122 | D:6      | Found Keomi's Magic Scroll Boutique.
  7345 | D:7      | Noticed Maggie
  7370 | D:7      | HP: 6/64 [Maggie/bolt of fire (19)]
  7372 | D:6      | Lost mutation: You passively map the area around you.
                  | [potion of mutation]
  7372 | D:6      | Lost mutation: You have a pair of small horns on your head.
                  | [potion of mutation]
  7372 | D:6      | Lost mutation: Armour fits poorly on your strangely shaped
                  | body. [potion of mutation]
  7372 | D:6      | Gained mutation: You expend magic power (3 MP) to
                  | strengthen your wands. [potion of mutation]
  7372 | D:6      | Gained mutation: Your movements are slightly less
                  | encumbered by armour. (ER -2) [potion of mutation]
  7372 | D:6      | Gained mutation: You possess an exceptional clarity of
                  | mind. [potion of mutation]
  7372 | D:6      | Gained mutation: Your flesh is heat resistant. (rF+)
                  | [potion of mutation]
  7632 | D:7      | HP: 11/64 [water moccasin (6)]
  7636 | D:7      | Reached skill level 8 in Transmutations
  7865 | D:7      | HP: 14/63 [Maggie/+0 scimitar (5)]
  7870 | D:7      | Killed Maggie
  7871 | D:7      | Reached skill level 9 in Transmutations
  7882 | D:7      | HP: 10/63 [white imp/puff of frost (5)]
  7891 | D:7      | p - +0 storm dragon scales {rare}
  8006 | D:7      | You finish putting on your +0 storm dragon scales {rare}.
  8070 | D:7      | your +0 storm dragon scales {rare} melds into your body.
  8077 | D:7      | Gained mutation: You passively map the area around you.
                  | [Deep Dwarf growth]
  8077 | D:7      | Reached XP level 9. HP: 43/69 MP: 11/11
  8082 | D:7      | Learned a level 4 spell: Ice Form
  8130 | D:7      | your +0 storm dragon scales {rare} unmelds from your body.
  8195 | D:7      | Found a basalt altar of Yredelemnul.
  8201 | D:7      | Found a shimmering altar of Xom.
  8201 | D:7      | Found a burning altar of Makhleb.
  8201 | D:7      | Found a snail-covered altar of Cheibriados.
  8202 | D:7      | Found an iron altar of Okawaru.
  8235 | D:7      | your +0 storm dragon scales {rare} melds into your body.
  8293 | D:7      | your +0 storm dragon scales {rare} unmelds from your body.
  8446 | D:7      | You add the spells Cause Fear, Metabolic Englaciation and
                  | Yara's Violent Unravelling to your library.
  8446 | D:7      | Got the Compendium of Malediction
  8711 | D:8      | your +0 storm dragon scales {rare} melds into your body.
  8716 | D:8      | HP: 17/69 [gnoll sergeant/+0 trident (4)]
  8722 | D:8      | HP: 16/69 [gnoll sergeant/+0 trident (5)]
  8733 | D:8      | your +0 storm dragon scales {rare} unmelds from your body.
  8758 | D:8      | Noticed a two-headed ogre
  8759 | D:8      | your +0 storm dragon scales {rare} melds into your body.
  8768 | D:8      | HP: 15/69 [two-headed ogre/+0 giant club (17)]
  8803 | D:8      | your +0 storm dragon scales {rare} unmelds from your body.
  8805 | D:8      | HP: 2/70 [two-headed ogre/+0 giant club (22)]
  8806 | D:8      | Killed a two-headed ogre
  8807 | D:8      | Reached skill level 10 in Transmutations
  8807 | D:8      | Reached skill level 2 in Ice Magic
  8807 | D:8      | Reached skill level 5 in Poison Magic
  8848 | D:8      | Noticed a cyclops
  8866 | D:9      | your +0 storm dragon scales {rare} melds into your body.
  8895 | D:9      | HP: 16/69 [something/magic dart (5)]
  8903 | D:9      | HP: 16/69 [wraith (5)]
  8908 | D:9      | your +0 storm dragon scales {rare} unmelds from your body.
  9009 | D:9      | Noticed a gargoyle
  9040 | D:8      | your +0 storm dragon scales {rare} melds into your body.
  9051 | D:8      | HP: 23/105 [cyclops (15)]
  9053 | D:8      | HP: 10/105 [cyclops (13)]
  9054 | D:8      | Killed a cyclops
  9055 | D:8      | Reached skill level 3 in Ice Magic
  9084 | D:8      | your +0 storm dragon scales {rare} unmelds from your body.
  9144 | D:8      | your +0 storm dragon scales {rare} melds into your body.
  9147 | D:8      | HP: 16/69 [steam dragon/ball of steam (23)]
  9167 | D:8      | your +0 storm dragon scales {rare} unmelds from your body.
  9262 | D:8      | your +0 storm dragon scales {rare} melds into your body.
  9281 | D:8      | HP: 14/69 [gnoll/+0 flail (6)]
  9323 | D:8      | your +0 storm dragon scales {rare} unmelds from your body.
  9416 | D:8      | Noticed a troll
  9418 | D:8      | your +0 storm dragon scales {rare} melds into your body.
  9425 | D:8      | HP: 17/69 [troll (13)]
  9428 | D:8      | Killed a troll
  9429 | D:8      | Reached XP level 10. HP: 16/76 MP: 8/8
  9465 | D:8      | your +0 storm dragon scales {rare} unmelds from your body.
  9549 | D:8      | your +0 storm dragon scales {rare} melds into your body.
  9597 | D:8      | your +0 storm dragon scales {rare} unmelds from your body.
  9597 | D:8      | your +0 storm dragon scales {rare} melds into your body.
  9659 | D:8      | your +0 storm dragon scales {rare} unmelds from your body.
  9704 | D:8      | your +0 storm dragon scales {rare} melds into your body.
  9719 | D:8      | Reached skill level 11 in Transmutations
  9762 | D:8      | your +0 storm dragon scales {rare} unmelds from your body.
  9776 | D:8      | your +0 storm dragon scales {rare} melds into your body.
  9794 | D:8      | your +0 storm dragon scales {rare} unmelds from your body.
  9794 | D:8      | your +0 storm dragon scales {rare} melds into your body.
  9866 | D:8      | your +0 storm dragon scales {rare} unmelds from your body.
  9967 | D:8      | your +0 storm dragon scales {rare} melds into your body.
  9976 | D:8      | Reached skill level 4 in Ice Magic
 10001 | D:8      | your +0 storm dragon scales {rare} unmelds from your body.
 10001 | D:8      | your +0 storm dragon scales {rare} melds into your body.
 10042 | D:8      | Quit the game

Vanquished Creatures
  A two-headed ogre (D:8)
  A cyclops (D:8)
  Maggie (D:7)
  A troll (D:8)
  A wraith (D:9)
  A wyvern (D:8)
  A steam dragon (D:8)
  2 water moccasins
  An ice beast (D:5)
  A black bear (D:7)
  2 orc warriors (D:8)
  A sky beast (D:6)
  2 centaurs
  2 ogres (D:7)
  3 kobold brigands
  A gnoll sergeant (D:8)
  2 bullfrogs
  A necrophage (D:6)
  4 water moccasin zombies (Ossuary)
  6 howler monkeys
  3 jellies
  2 orc priests
  3 hounds
  Crazy Yiuf (D:4)
  2 gnoll shamans
  2 iguanas
  2 orc wizards
  2 mummies (Ossuary)
  15 gnolls
  4 adders
  2 shadow imps
  A white imp (D:7)
  2 ufetubi
  2 adder zombies (Ossuary)
  4 worms
  A dart slug (D:1)
  33 orcs
  4 bats
  6 endoplasms
  2 giant cockroaches
  6 gnoll zombies (Ossuary)
  3 hobgoblins
  7 jackals
  3 quokkas
  8 ball pythons
  A frilled lizard (D:1)
  10 goblins
  4 hobgoblin zombies (Ossuary)
  20 kobolds
  5 kobold zombies (Ossuary)
  2 orc zombies (Ossuary)
  13 rats (D:1)
210 creatures vanquished.

Vanquished Creatures (others)
  A fungus (D:2)
1 creature vanquished.

Grand Total: 211 creatures vanquished

Table legend:
 A = Non-vault XP
 B = Vault XP
 C = Vault XP percentage of total XP
 D = Non-vault monster count
 E = Vault monster count
 F = Vault count percentage of total count
                 A         B        C        D         E       F
            +---------+---------+-------+---------+---------+-------
      Total |    5245 |    1357 |  20.6 |     136 |      74 |  35.2
            +---------+---------+-------+---------+---------+-------
        D:1 |      35 |      11 |  23.9 |      21 |      11 |  34.4
        D:2 |      48 |       0 |   0.0 |      17 |       0 |   0.0
        D:3 |      12 |     146 |  92.4 |       5 |       7 |  58.3
        D:4 |     217 |      41 |  15.9 |      16 |       1 |   5.9
        D:5 |     299 |       0 |   0.0 |      11 |       0 |   0.0
        D:6 |     625 |       0 |   0.0 |      15 |       0 |   0.0
        D:7 |     805 |     395 |  32.9 |      15 |       1 |   6.2
        D:8 |    2794 |     385 |  12.1 |      28 |      29 |  50.9
        D:9 |     410 |       0 |   0.0 |       8 |       0 |   0.0
    Ossuary |       0 |     379 | 100.0 |       0 |      25 | 100.0
            +---------+---------+-------+---------+---------+-------

Illustrated notes

Table legend:
 A = Kills in this place as a percentage of kills in entire the game.
 B = Kills by you in this place as a percentage of kills by you in the entire game.
 C = Kills by friends in this place as a percentage of kills by friends in the entire game.
 D = Other kills in this place as a percentage of other kills in the entire game.
 E = Experience gained in this place as a percentage of experience gained in the entire game.
 F = Experience gained in this place divided by the number of levels of this place that you have seen.
                   A       B       C       D       E      F
               +-------+-------+-------+-------+-------+----------------------
         Total | 100.0 | 100.0 |   N/A |   N/A | 100.0 | 660.2
       Dungeon |  88.1 |  88.1 |   N/A |   N/A |  94.3 | 691.4
       Ossuary |  11.9 |  11.9 |   N/A |   N/A |   5.7 | 379.0
               +-------+-------+-------+-------+-------+----------------------

Table legend: (Time is in decaauts)
 A = Elapsed time spent in this place.
 B = Non-inter-level travel time spent in this place.
 C = Inter-level travel time spent in this place.
 D = Time resting spent in this place.
 E = Time spent auto-exploring this place.
 F = Levels seen in this place.
 G = Mean time per level.
                   A        B        C        D        E       F      G
               +--------+--------+--------+--------+--------+-----+--------+
         Total |  10070 |   9474 |    596 |    839 |   6967 |  10 | 1007.0 |
       Dungeon |   9668 |   9072 |    596 |    799 |   6782 |   9 | 1074.2 |
       Ossuary |    402 |    402 |      0 |     40 |    185 |   1 |  402.0 |
               +--------+--------+--------+--------+--------+-----+--------+

Top non-repeatable levels by time:
     D:5: 1548 daAuts
     D:4: 1314 daAuts
     D:6: 1290 daAuts
     D:8: 1191 daAuts
     D:7: 1187 daAuts
     D:3: 1016 daAuts
     D:1: 990 daAuts
     D:2: 966 daAuts
 Ossuary: 402 daAuts
     D:9: 161 daAuts
